 Dungeon Crawl Stone Soup version 0.22.1-2-g9c5b331 (webtiles) character file.

4050 jerryfan the Covert (level 10, 0/72 HPs)
             Began as an Octopode Monk on Nov 15, 2018.
             Was a Follower of Uskayaw.
             Killed from afar by an electric eel (9 damage)
             ... with a bolt of electricity
             ... on level 8 of the Dungeon.
             The game lasted 00:22:36 (6720 turns).

jerryfan the Covert (Octopode Monk)                 Turns: 6720, Time: 00:22:37

Health: 0/72       AC:  1    Str: 15    XL:     10   Next: 24%
Magic:  10/10      EV: 17    Int: 12    God:    Uskayaw [*.....]
Gold:   414        SH:  0    Dex: 16    Spells: 9/9 levels left

rFire    . . .     SeeInvis .   v - +12 falchion of the Hawk {drain, Dex+2}
rCold    + . .     Gourm    .   (no shield)
rNeg     . . .     Faith    .   (helmet restricted)
rPois    .         Spirit   .   (no amulet)
rElec    .         Reflect  .   j - ring of protection from cold
rCorr    .         Harm     .   (no ring)
MR       .....                  (no ring)
Stlth    +++++.....             (no ring)
HPRegen  0.22/turn              (no ring)
MPRegen  0.12/turn              (no ring)
                                (no ring)
                                (no ring)

@: heavily drained
A: almost no armour, stealthy swim, amphibious, 8 rings, constrict 8, camouflage
1, gelatinous body 1
a: Stomp, Renounce Religion


You were on level 8 of the Dungeon.
You worshipped Uskayaw.
Uskayaw was noncommittal.
You were not hungry.

You visited 2 branches of the dungeon, and saw 9 of its levels.

You collected 414 gold pieces.

Inventory:

Hand Weapons
 a - a +0 spear
 u - a +0 halberd
 v - the +12 falchion of the Hawk (weapon) {drain, Dex+2}
   (You took it off an orc on level 4 of the Dungeon)

   A truly terrible weapon, it drains the life of those it strikes.
   It affects your dexterity (+2).
 y - a +2 trident of venom
 E - a +0 blowgun
Missiles
 r - 3 tomahawks (quivered)
 F - 3 curare-tipped needles
Jewellery
 j - a ring of protection from cold (left tentacle)
 C - a cursed ring of teleportation
Wands
 t - a wand of paralysis (8)
 B - a wand of iceblast (9)
Scrolls
 d - 3 scrolls of immolation {unknown}
 e - 4 scrolls of magic mapping
 f - 3 scrolls of remove curse {unknown}
 g - 2 scrolls of fear {unknown}
 i - a scroll of enchant weapon {unknown}
 m - a scroll of fog {unknown}
 n - a scroll of noise {unknown}
 o - 5 scrolls of identify
 w - a scroll of random uselessness {unknown}
Potions
 c - a potion of haste {unknown}
 h - 2 potions of heal wounds
 k - 4 potions of curing
 l - 2 potions of might
 p - 2 potions of degeneration {unknown}
 q - 2 potions of lignification {unknown}
 s - a potion of berserk rage {unknown}
 x - 2 potions of mutation {unknown}
 z - a potion of magic {unknown}
 A - a potion of invisibility {unknown}
 D - a potion of ambrosia {unknown}
Comestibles
 b - 9 rations


   Skills:
 + Level 7.9(6.3) Fighting
 + Level 6.4(4.9) Long Blades
 - Level 4.1(2.7) Polearms
 + Level 7.9(6.3) Dodging
 + Level 10.5(8.8) Stealth


You had 9 spell levels left.
You didn't know any spells.
Your spell library was empty.

Dungeon Overview and Level Annotations

Branches:
Dungeon (8/15)             Temple (1/1) D:7
   Lair: D:8-11

Altars:
Ashenzari
Dithmenos
Elyvilon
Gozag
Hepliaklqana
Makhleb
Okawaru
Qazlal
Ru
Sif Muna
Trog
Uskayaw
Vehumet
Wu Jian
Yredelemnul
Zin

Shops:
D:2 *

Annotations:
D:1 exclusion: downstairs
D:2 exclusion: downstairs
D:3 2 runed doors, exclusion: door, magicm's ghost, weakling HuCj
D:6 exclusion: centaur
D:7 exclusions: hippogriff and hornet
D:8 exclusions: 2 orcs, orc warrior, scorpion and two-headed ogre


Innate Abilities, Weirdness & Mutations

You cannot wear most types of armour.
You are very stealthy in the water. (Stealth+)
You are amphibious.
You can wear up to eight rings at the same time.
You can use your tentacles to constrict eight enemies at once.
Your skin changes colour to match your surroundings (Stealth+).
Your rubbery body absorbs attacks. (AC +1, EV +1)


Message History

There is an open door here.
The wight hits you from afar with an enchanted spear!
You feel drained.
You are starving!
You eat one of the 10 rations.
That ration really hit the spot!
The crimson imp shouts!
You slash the crimson imp! Your grab misses the crimson imp.
The crimson imp is severely wounded.
The electric eel shoots out a bolt of lightning at you!
The bolt of electricity hits you!
* * * LOW HITPOINT WARNING * * *
The crimson imp blinks!
The wight misses you.
The crimson imp blinks!
The wight hits you from afar with an enchanted spear!
* * * LOW HITPOINT WARNING * * *
You feel drained.
* * * LOW HITPOINT WARNING * * *
The electric eel shoots out a bolt of lightning at you!
The bolt of electricity hits you!
You die...

....#.....#.....#.. #......#..
....#.....#.....#.. ######...#..
....#.....#.....#.. ##≈≈≈≈###...#
....#.....#.....#.###≈≈≈≈≈≈###..#
....####'##.....#........≈≈.....#
...........<....#..5......≈≈....#
####............#.z...≈≈....≈...#
#............#....≈..≈≈..≈...#
#............@....≈§...≈≈....#
#......>...........≈≈⌠........
#................./.⌠≈≈.......
########.....#...;≈....≈......
#.....#..≈..≈≈..≈......
#.<...#..≈....≈≈.......
#.....#...≈≈...........
#.....#....≈≈.. ........


You could see an electric eel, a wight and a crimson imp.

Vanquished Creatures
  The ghost of Anon1729 the Archer, a novice GnWn of Hepliaklqana (D:8)
  A hippogriff (D:7)
  A hornet (D:8)
  Sigmund (D:6)
  6 yaks (D:7)
  Menkaure (D:4)
  3 sky beasts
  A phantom (D:6)
  6 ogres
  2 big kobolds
  2 bullfrogs
  A wight (D:8)
  2 crimson imps
  A bullfrog zombie (D:5)
  2 orc priests
  A hound (D:5)
  A jelly (D:7)
  A bullfrog skeleton (D:7)
  3 orc wizards
  Natasha (thrice) (D:4)
  An iguana (D:4)
  5 worker ants
  A centaur simulacrum (D:8)
  2 bullfrog simulacra (D:8)
  4 adders
  3 gnolls (D:4)
  An adder skeleton (D:3)
  2 adder zombies
  5 worms
  3 dart slugs
  3 leopard geckos
  15 orcs
  10 bats
  4 giant cockroaches
  9 goblins
  5 hobgoblins
  4 jackals (D:2)
  5 quokkas
  A ball python (D:2)
  3 frilled lizards
  6 kobolds
  7 rats
  A butterfly (D:7)
140 creatures vanquished.

Vanquished Creatures (others)
  An adder skeleton (D:7)
1 creature vanquished.

Grand Total: 141 creatures vanquished

Notes
Turn   | Place    | Note
-------+----------+-------------------------------------------
     0 | D:1      | jerryfan the Octopode Monk began the quest for the Orb.
     0 | D:1      | Reached XP level 1. HP: 16/16 MP: 1/1
   181 | D:1      | Reached skill level 3 in Stealth
   181 | D:1      | Reached XP level 2. HP: 19/21 MP: 2/2
   671 | D:2      | Reached XP level 3. HP: 25/26 MP: 3/3
   696 | D:2      | Found Zin's Purification Station.
   710 | D:2      | Found a glowing silver altar of Zin.
   881 | D:2      | Found a bloodstained altar of Trog.
  1082 | D:2      | Reached XP level 4. HP: 23/31 MP: 4/4
  1647 | D:3      | Noticed a bullfrog
  1923 | D:3      | Found a bloodstained altar of Trog.
  1951 | D:3      | Found a shattered altar of Ashenzari.
  2145 | D:3      | Noticed a big kobold
  2152 | D:3      | Found a runed door.
  2152 | D:3      | Noticed magicm's ghost (weakling HuCj)
  2184 | D:3      | Reached skill level 4 in Stealth
  2341 | D:4      | Reached XP level 5. HP: 31/37 MP: 5/5
  2493 | D:4      | Noticed Natasha
  2507 | D:4      | Killed Natasha
  2622 | D:4      | Noticed Natasha
  2632 | D:4      | Killed Natasha
  2669 | D:4      | Reached XP level 6. HP: 36/43 MP: 6/6
  2685 | D:4      | Got a warped falchion {drain}
  2686 | D:4      | Identified the +12 falchion of the Hawk {drain, Dex+2} (You
                  | took it off an orc on level 4 of the Dungeon)
  2708 | D:4      | Noticed Natasha
  2712 | D:4      | Killed Natasha
  2777 | D:4      | Noticed Menkaure
  2782 | D:4      | Killed Menkaure
  2782 | D:4      | Reached skill level 1 in Long Blades
  2782 | D:4      | Reached skill level 5 in Stealth
  2919 | D:4      | Reached XP level 7. HP: 49/49 MP: 7/7
  3195 | D:3      | Found a runed door.
  3315 | D:3      | Found a deep blue altar of Sif Muna.
  3510 | D:5      | Entered Level 5 of the Dungeon
  3527 | D:5      | Reached skill level 6 in Stealth
  3615 | D:5      | Reached skill level 5 in Fighting
  3615 | D:5      | Reached skill level 5 in Dodging
  3798 | D:5      | Found a sacrificial altar of Ru.
  4177 | D:5      | Reached XP level 8. HP: 52/55 MP: 8/8
  4480 | D:6      | Reached skill level 7 in Stealth
  4490 | D:6      | Found a stormy altar of Qazlal.
  4761 | D:6      | Noticed Sigmund
  4766 | D:6      | Killed Sigmund
  5230 | D:6      | Reached skill level 8 in Stealth
  5391 | D:7      | Noticed a hippogriff
  5407 | D:7      | Reached XP level 9. HP: 62/62 MP: 9/9
  5517 | D:7      | Found a radiant altar of Vehumet.
  5690 | D:7      | Reached skill level 5 in Long Blades
  5778 | D:7      | Noticed a hornet
  5830 | D:7      | Reached skill level 9 in Stealth
  5935 | D:7      | Found a staircase to the Ecumenical Temple.
  5945 | Temple   | Entered the Ecumenical Temple
  5949 | Temple   | Became a worshipper of Uskayaw the Reveler
  5949 | Temple   | Reached * piety under Uskayaw
  6314 | D:8      | Noticed a two-headed ogre
  6342 | D:8      | Noticed a two-headed ogre
  6426 | D:8      | Found a runed gate.
  6427 | D:8      | Found a runed gate.
  6428 | D:8      | Found a runed gate.
  6432 | D:8      | Noticed Anon1729's ghost (novice GnWn)
  6433 | D:8      | Noticed a hornet
  6455 | D:8      | Reached ** piety under Uskayaw
  6459 | D:8      | Reached *** piety under Uskayaw
  6462 | D:8      | Reached **** piety under Uskayaw
  6466 | D:8      | Killed Anon1729's ghost
  6466 | D:8      | Reached skill level 10 in Stealth
  6466 | D:8      | Reached XP level 10. HP: 44/72 MP: 10/10
  6466 | D:8      | Reached ***** piety under Uskayaw
  6720 | D:8      | Killed from afar by an electric eel

Skill      XL: |  1  2  3  4  5  6  7  8  9 |
---------------+----------------------------+-----
Stealth        | 3 4 5 6 8 10 | 10.5
Polearms       | 4 |  4.1
Dodging        | 4 5 6 7 |  7.9
Fighting       | 4 5 6 7 |  7.9
Long Blades    | 1 2 4 6 |  6.4

Action                   |  1- 3 |  4- 6 |  7- 9 | 10-12 || total
-------------------------+-------+-------+-------+-------++-------
Melee: Spear             |    80 |   110 |       |       ||   190
       Constrict         |    20 |    25 |    18 |     3 ||    66
       Tentacles         |    12 |    21 |    25 |     1 ||    59
       Falchion          |       |     8 |   135 |    11 ||   154
Invok: Stomp             |       |       |       |     1 ||     1
Evoke: Wand              |       |       |     1 |       ||     1
  Use: Scroll            |     2 |     1 |     1 |     1 ||     5
       Potion            |       |       |     2 |       ||     2
 Stab: Sleeping          |    16 |    13 |    20 |     2 ||    51
       Paralysed         |       |       |     1 |       ||     1
  Eat: Chunk             |       |     6 |     7 |       ||    13
       Ration            |       |       |     1 |     1 ||     2
Armor: Skin              |     5 |     2 |     3 |     2 ||    12
Dodge: Dodged            |    31 |    62 |    69 |     3 ||   165
       Rpst.: Falchion   |       |     2 |    19 |     2 ||    23
